 Dungeon Crawl Stone Soup version 0.27.0-66-gdc8fb28755 (webtiles) character file.

Game seed: 3557546357896955754

1225 Malachi the Cleaver (level 8, 0/71 HPs)
             Began as a Hill Orc Fighter on Aug 19, 2021.
             Killed by divine providence
             ... invoked by an orc priest
              (16 damage)
             ... on level 5 of the Dungeon.
             The game lasted 00:07:14 (4544 turns).

Malachi the Cleaver (Hill Orc Fighter)              Turns: 4544, Time: 00:07:15

Health: 0/71       AC: 11    Str: 21    XL:     8   Next: 47%
Magic:  8/8        EV:  8    Int:  8    God:
Gold:   471        SH: 11    Dex: 16    Spells: 7/7 levels left

rFire    + . .     SeeInvis .   a - +2 war axe (elec)
rCold    . . .     Faith    .   c - +0 kite shield
rNeg     . . .     Spirit   .   b - +0 scale mail
rPois    .         Reflect  .   x - +0 helmet
rElec    .         Harm     .   (no cloak)
rCorr    .         Rampage  .   j - +1 pair of gloves
Will     .....                  (no boots)
Stlth    ..........             w - amulet of magic regeneration
HPRegen  0.21/turn              g - +6 ring of dexterity
MPRegen  0.36/turn              y - ring of protection from fire

@: lethally poisoned (0 -> -1)
A: no striking features
a: Convert to Beogh


You were on level 5 of the Dungeon.
You visited 1 branch of the dungeon, and saw 5 of its levels.
You also visited: Ossuary.

You collected 471 gold pieces.

Inventory:

Hand Weapons
 a - a +2 war axe of electrocution (weapon)
Missiles
 h - 4 boomerangs (quivered)
Armour
 b - a +0 scale mail (worn)
 c - a +0 kite shield (worn)
 j - a +1 pair of gloves (worn)
 x - a +0 helmet (worn)
Jewellery
 g - a +6 ring of dexterity (left hand)
 t - a +6 ring of intelligence
 w - an amulet of magic regeneration (around neck)
 y - a ring of protection from fire (right hand)
Wands
 o - a wand of digging (7)
 u - a wand of acid (8)
 v - a wand of iceblast (12)
Scrolls
 k - a scroll of teleportation
 s - 2 scrolls of magic mapping
 z - a scroll of enchant armour
Potions
 d - 2 potions of might
 e - a potion of brilliance
 f - 2 potions of lignification
 i - a potion of resistance
 l - 3 potions of curing
 m - a potion of berserk rage {unknown}
 n - 2 potions of attraction {unknown}
 p - a potion of flight {unknown}
 q - a potion of heal wounds {unknown}
 r - a potion of degeneration {unknown}


   Skills:
 + Level 6.3 Fighting
 * Level 8.6 Axes
 + Level 5.9 Armour
 + Level 5.9 Shields


You had 7 spell levels left.
You didn't know any spells.
Your spell library contained the following spells:

 Spells                   Type           Power      Damage    Failure   Level
 Foxfire                  Conj/Fire      0%         2x1d4     98%         1
 Sandblast                Erth           0%         2d4       98%         1
 Passwall                 Tmut/Erth      0%         N/A       99%         2
 Conjure Flame            Conj/Fire      0%         6-21      100%        3
 Inner Flame              Hex/Fire       0%         N/A       100%        3
 Lee's Rapid Deconstruct  Erth           0%         3d5*      100%        5


Dungeon Overview and Level Annotations

Branches:
Dungeon (5/15)            Ossuary (visited)
 Temple: D:4-7

Altars:
Fedhas
Okawaru
Vehumet
Xom
Beogh


Message History

You are more poisoned.
You slash VolelikeOfTheReadme's ghost!
You destroy VolelikeOfTheReadme's ghost!
You feel very sick.
You hit the orc.
The orc is moderately wounded.
You feel very sick. You block the orc's attack.
The orc priest calls upon Beogh to heal the orc.
The orc's wounds heal themselves!
The orc hits you with a +0 dagger.
You closely miss the orc.
You feel very sick.
The orc priest invokes the aid of Beogh against you.
Beogh smites you! You block the orc's attack.
You are too injured to fight recklessly!
You are too injured to fight recklessly!
Unknown command.
Okay, then.
You closely miss the orc.
You feel sick. You block the orc's attack.
Your shield prevents you from hitting the orc.
You feel sick. The orc completely misses you.
You barely miss the orc.
You feel sick. The orc hits you but does no damage. You block the orc's attack.
You hit the orc.
The orc is heavily wounded.
You feel sick. The orc barely misses you.
The orc priest shouts, "Join the one true god or die!"
You slash the orc! Lightning courses through the orc!
You kill the orc!
You feel sick.
The orc priest looks satisfied for a moment.
You hit the orc.
The orc is moderately wounded.
You feel sick.
The orc priest shouts, "Surrender to Beogh and we'll let you live!"
The orc unwields the +8 hunting sling "Laepoaff" {flame, Int+3}.
It stops flaming.
The orc barely misses you.
The orc priest mumbles some strange prayers to Beogh against you.
Beogh smites you!
You die...

#.#.#.....##.
##.......#..##
##.......##..##
##...#.#####..#.
###....#.##.....#.
#.....##.##.###.##
#....##..## #..#
####.......# ##..
#oo@.>.#...# ##.
#o##.#...#... ##
#.##.#.### #.
######......# ####
#.W..W.....##
##... #.8#########
##.... #..#o....8
#..... #.o#..##..
#..._. #oo#.o#8..
#.....


You could see an orc priest and 2 orcs.

Vanquished Creatures
  The ghost of VolelikeOfTheReadme the Sneak, a novice OpBr (D:5)
  A necrophage (D:3)
  2 phantoms (D:5)
  2 scorpions (D:5)
  A centaur zombie (D:5)
  A bullfrog zombie (D:5)
  A jelly (D:4)
  A hound (D:5)
  A bullfrog skeleton (D:5)
  3 iguanas
  A hound zombie (D:5)
  A hound skeleton (D:4)
  8 mummies (Ossuary)
  7 gnolls
  A howler monkey skeleton (D:5)
  3 adders
  2 ufetubi (D:5)
  5 worms
  4 dart slugs
  13 orcs
  8 ball pythons
  8 endoplasms
  2 giant cockroaches
  A gnoll zombie (Ossuary)
  5 goblins
  4 hobgoblins
  10 jackals
  7 quokkas
  7 bats
  3 frilled lizards
  4 kobolds
  4 kobold zombies (Ossuary)
  3 orc zombies (Ossuary)
  5 rats
130 creatures vanquished.

Notes
Turn   | Place    | Note
-------+----------+-------------------------------------------
     0 | D:1      | Malachi the Hill Orc Fighter began the quest for the Orb.
     0 | D:1      | Reached XP level 1. HP: 19/19 MP: 1/1
    82 | D:1      | Reached skill level 3 in Axes
    82 | D:1      | Reached XP level 2. HP: 26/27 MP: 2/2
   326 | D:1      | Reached XP level 3. HP: 33/33 MP: 3/3
   824 | D:1      | Found a faded altar of an unknown god.
  1007 | D:2      | Found an iron altar of Okawaru.
  1207 | D:2      | Reached skill level 4 in Axes
  1294 | D:2      | Reached XP level 4. HP: 40/40 MP: 4/4
  1893 | D:3      | Noticed a necrophage
  1902 | D:3      | Killed a necrophage
  1903 | D:3      | Reached XP level 5. HP: 44/47 MP: 5/5
  1962 | D:3      | Reached skill level 5 in Axes
  2335 | D:4      | Reached XP level 6. HP: 53/53 MP: 6/6
  2380 | D:4      | Found a sand-covered staircase.
  2385 | Ossuary  | Entered an ossuary
  2686 | Ossuary  | Reached skill level 5 in Fighting
  3190 | D:4      | Reached skill level 6 in Axes
  3384 | D:4      | Reached XP level 7. HP: 47/61 MP: 7/7
  3568 | D:5      | Entered Level 5 of the Dungeon
  3575 | D:5      | Found a shimmering altar of Xom.
  3696 | D:5      | Found a blossoming altar of Fedhas.
  3774 | D:5      | Reached skill level 5 in Armour
  3774 | D:5      | Reached skill level 5 in Shields
  3831 | D:5      | Reached skill level 7 in Axes
  4103 | D:5      | Reached XP level 8. HP: 56/70 MP: 8/8
  4226 | D:5      | Found a radiant altar of Vehumet.
  4329 | D:5      | Reached skill level 8 in Axes
  4488 | D:5      | Found a runed translucent gate.
  4488 | D:5      | Noticed VolelikeOfTheReadme's ghost (novice OpBr)
  4489 | D:5      | Found a runed translucent gate.
  4489 | D:5      | Identified the +8 hunting sling "Laepoaff" {flame, Int+3}
  4490 | D:5      | Found a runed translucent gate.
  4496 | D:5      | Found a roughly hewn altar of Beogh.
  4536 | D:5      | Killed VolelikeOfTheReadme's ghost
  4544 | D:5      | Killed from afar by an orc priest

Illustrated notes

Levels and vault maps discovered:
D:1:      dpeg_arrival_leaves_temple_mockup, layout_basic,
          shapermc_ecumenical_altar_pompeii, grunt_decor_one_mirror,
          glass_columns_a, hangedman_decor_push, minmay_three_crescents
D:2:      layout_basic, basic_altar
D:3:      layout_basic, hangedman_decor_lopped
D:4:      layout_rooms, enter_ossuary_5
D:5:      minmay_bubble_buster, layout_rooms, lemuel_tele_altar,
          lemuel_round_altar, old_standard_altar, biasface_ghost_orc_armoury,
          columned_hall_lemuel, st_stairs_1

Skill      XL: |  1  2  3  4  5  6  7  8 |
---------------+-------------------------+-----
Axes           | 3 4 5 6 7 8 |  8.6
Fighting       | 4 5 6 |  6.3
Armour         | 4 5 |  5.9
Shields        | 4 5 |  5.9

Action                   |  1- 3 |  4- 6 |  7- 9 || total
-------------------------+-------+-------+-------++-------
Melee: War axe           |   109 |   119 |    78 ||   306
  Use: Scroll            |     2 |    11 |     4 ||    17
Armor: Scale mail        |    59 |    50 |    37 ||   146
Dodge: Dodged            |    43 |    33 |    24 ||   100
Block: Kite shield       |    57 |    46 |    46 ||   149
